 Dungeon Crawl Stone Soup version 0.30-a0-354-g6b83867211 (webtiles) character file.

Game seed: 13216472791362988702

46 zishaf the Sneak (level 3, 0/26 HPs)
             Began as a Vampire Enchanter on Nov 7, 2022.
             Slain by a polar bear (2 damage)
             ... created by the rage of Trog
             ... on level 1 of the Dungeon.
             The game lasted 00:02:48 (966 turns).

zishaf the Sneak (Vampire Enchanter)                 Turns: 966, Time: 00:02:50

Health: 0/26       AC:  2    Str:  6 (7)  XL:     3   Next: 46%
Magic:  6/6        EV: 12    Int: 19      God:
Gold:   65         SH:  0    Dex: 14      Spells: 1/6 levels left

rFire   . . .      SeeInvis +    a - +1 dagger
rCold   . . .      Faith    .    (no shield)
rNeg    . . .      Spirit   .    b - +0 robe
rPois   .          Reflect  .    (no helmet)
rElec   .          Harm     .    (no cloak)
rCorr   .          Rampage  .    (no gloves)
Will    .....                    (no boots)
Stlth   +++.......               g - amulet of regeneration
HPRegen 1.24/turn                (no ring)
MPRegen 0.10/turn                (no ring)

@: healing quickly, slowed, very slow
A: alive, fangs 3, see invisible, vampiric 2
a: Exsanguinate


You were on level 1 of the Dungeon.
You visited 1 branch of the dungeon, and saw 1 of its levels.

You collected 65 gold pieces.

Inventory:

Hand Weapons
 a - a +1 dagger (weapon)
Armour
 b - a +0 robe (worn)
Jewellery
 g - an amulet of regeneration (around neck)
Scrolls
 e - a scroll of summoning {unknown}
 f - 2 scrolls of identify {unknown}
 i - a scroll of immolation {unknown}
 j - a scroll of butterflies {unknown}
Potions
 c - 2 potions of invisibility
 d - a potion of flight {unknown}
 h - a potion of curing {unknown}


   Skills:
 + Level 1.0 Fighting
 + Level 1.9 Short Blades
 + Level 2.7 Dodging
 + Level 5.0 Stealth
 - Level 2.0 Spellcasting
 - Level 4.9 Hexes


You had one spell level left.
You knew the following spells:

 Your Spells              Type           Power      Damage    Failure   Level
a - Ensorcelled Hibernat  Hex/Ice        22%        N/A       10%         2
A - Confusing Touch       Hex            20%        N/A       7%          3

Your spell library contained the following spells:

 Spells                   Type           Power      Damage    Failure   Level
 Tukima's Dance           Hex            20%        N/A       7%          3
 Dazzling Flash           Conj/Hex       22%        N/A       19%         3


Dungeon Overview and Level Annotations

Branches:
Dungeon (1/15)

Altars:
Trog


Innate Abilities, Weirdness & Mutations

Your natural rate of healing is accelerated.
You have razor-sharp teeth.
You have supernaturally acute eyesight. (SInv)
You are afflicted with vampirism and can become a bat while bloodless.


Message History

Memorise Confusing Touch, consuming 3 spell levels and leaving 1?
You start memorising the spell.
You continue memorising. x3
You finish memorising.
Spell assigned to 'b'.
Adjust (i)tems, (s)pells, or (a)bilities?
Adjust which spell? b - Confusing Touch Adjust to which letter?
A - Confusing Touch
Things that are here:
a +0 club; a kobold corpse Trog's voice booms out, "Feel my wrath!"
You feel weakened.
Things that are here:
a +0 club; a kobold corpse A quokka comes into view.
The helpless quokka fails to defend itself.
You impale the quokka!!
You kill the quokka!
No target in view!
j - a scroll labelled EJECUC UHECHIKHUC A hobgoblin comes into view.
The helpless hobgoblin fails to defend itself.
You impale the hobgoblin!!
You kill the hobgoblin!
No target in view!
You see here a hobgoblin corpse.
Trog sends monsters to punish you.
The divine experience drains your vigour!
You feel yourself slow down. 4 polar bears come into view.
There are monsters nearby!
The polar bear rages.
The polar bear closely misses you. x3
The polar bear bites you!!
Ouch! That really hurt!
* * * LOW HITPOINT WARNING * * *
The polar bear claws you.
* * * LOW HITPOINT WARNING * * *
The polar bear claws you.
You die...

########## # #.....†..# #
#.######.# ####### #.#....#.#
##....# #.#.#....##########
##....# #.#.#..##.........#
##....#####.#h#..##.#######.#####
.............h.h@........)......>
###########.#.#h.##.#######.####.
# #.#.#..##.# #.# #. #
#.#.#..##.# #.# #. # #.#.#...#.#
#####)## #. # #.#...#.#.#
#......# #.
###########.#.###.#.#####.#..# #.
..........#.#.....#.##..).######.
..###.....#.#######.##.##........


You could see 4 polar bears.

Vanquished Creatures
  A gnoll (D:1)
  A dart slug (D:1)
  A bat (D:1)
  3 endoplasms (D:1)
  5 hobgoblins (D:1)
  8 kobolds (D:1)
  2 quokkas (D:1)
  A ball python (D:1)
  A frilled lizard (D:1)
  5 goblins (D:1)
  4 rats (D:1)
32 creatures vanquished.

Notes
Turn   | Place    | Note
-------+----------+-------------------------------------------
     0 | D:1      | zishaf the Vampire Enchanter began the quest for the Orb.
     0 | D:1      | Reached XP level 1. HP: 13/13 MP: 3/3
   185 | D:1      | Reached XP level 2. HP: 17/20 MP: 5/5
   188 | D:1      | Learned a level 2 spell: Ensorcelled Hibernation
   574 | D:1      | Reached skill level 1 in Fighting
   574 | D:1      | Reached skill level 5 in Stealth
   574 | D:1      | Gained mutation: You are afflicted with vampirism and can
                  | become a bat while bloodless. [Vampire growth]
   574 | D:1      | Reached XP level 3. HP: 23/26 MP: 3/6
   625 | D:1      | Found a faded altar of an unknown god.
   690 | D:1      | Prayed at the altar of an unknown god.
   690 | D:1      | Became a worshipper of Trog the Wrathful
   690 | D:1      | Reached * piety under Trog
   691 | D:1      | Fell from the grace of Trog
   745 | D:1      | Learned a level 3 spell: Confusing Touch
   964 | D:1      | Noticed a polar bear
   964 | D:1      | Noticed a polar bear
   964 | D:1      | Noticed a polar bear
   964 | D:1      | Noticed a polar bear
   966 | D:1      | Slain by a polar bear

Illustrated notes

Levels and vault maps discovered:
D:1:      dpeg_arrival_lava_temple_mockup, layout_basic,
          hellmonk_ecumenical_altar_pennies_from_heaven, minmay_tromino_v7

Skill      XL: |  1  2 |
---------------+-------+-----
Fighting       | 1 |  1.0
Stealth        | 5 |  5.0
Short Blades   | |  1.9
Dodging        | |  2.7
Spellcasting   | |  2.0
Hexes          | |  4.9

Action                   || total
-------------------------++-------
Melee: Dagger            ||    77
       Bite              ||     4
 Cast: Ensorcelled Hiber ||     4
Invok: Renounce Religion ||     1
 Stab: Sleeping          ||     9
Armor: Robe              ||     8
Dodge: Dodged            ||    41

Table legend: (Time is in decaauts)
 A = Elapsed time spent in this place.
 B = Non-inter-level travel time spent in this place.
 C = Inter-level travel time spent in this place.
 D = Time resting spent in this place.
 E = Time spent auto-exploring this place.
 F = Levels seen in this place.
 G = Mean time per level.
                   A        B        C        D        E       F      G
               +--------+--------+--------+--------+--------+-----+--------+
         Total |    964 |    948 |     16 |      0 |    676 |   1 |  964.0 |
       Dungeon |    964 |    948 |     16 |      0 |    676 |   1 |  964.0 |
               +--------+--------+--------+--------+--------+-----+--------+

Top non-repeatable levels by time:
     D:1: 964 daAuts
